AoeStats
← Ysuixin

Arabia

510046051Analyzed
1v1 RM · 1d ago on Sep 29, 2026· 82m 19s· 2 players
Game mode
Random Map
Map size
Tiny (2 player)
Population
200
Speed
Normal
Resources
Standard
Victory
Conquest
Starting age
Dark Age
Ending age
Imperial Age
RankedLock teamsTeams togetherTeam positionsShared explorationLock speedFull tech treeHidden civsTurbo modeCheats
Victory
Defeat
🇵🇪 Vietnamese · Peru
985
+16
🇨🇳 Magyars · China
989
-16
Guli
8:02 Loom
10:33 Feudal Age
11:12 Double-Bit Axe
11:11 Horse Collar
19:48 Fletching
24:06 Castle Age
22:05 Gold Mining
23:20 Padded Archer Armor
25:08 Heavy Plow
25:20 Bow Saw
24:46 Crossbowman
25:27 Bodkin Arrow
25:50 Leather Archer Armor
30:31 Wheelbarrow
32:23 Thumb Ring
33:12 Hand Cart
37:08 Imperial Age
36:15 Stone Mining
37:54 Bracer
38:24 Ring Archer Armor
39:10 Hoardings
38:59 Paper Money
39:15 Hoardings
39:51 Two-Man Saw
39:29 Arbalester
40:34 Ballistics
43:52 Chemistry
42:59 Siege Engineers
42:35 Treadmill Crane
43:06 Masonry
42:51 Murder Holes
43:00 Town Watch
45:14 Guilds
44:35 Elite Rattan Archer
47:06 Light Cavalry
47:56 Bloodlines
47:47 Husbandry
54:02 Forging
54:27 Town Patrol
55:32 Scale Barding Armor
56:03 Iron Casting
80:37 Chain Barding Armor
82:11 Crop Rotation
Ysuixin
7:42 Loom
10:15 Feudal Age
10:44 Double-Bit Axe
14:58 Bloodlines
15:53 Scale Barding Armor
17:51 Horse Collar
22:06 Castle Age
21:00 Fletching
22:12 Gold Mining
26:44 Padded Archer Armor
26:53 Thumb Ring
29:08 Chain Barding Armor
31:22 Bow Saw
32:22 Wheelbarrow
35:42 Heavy Plow
39:11 Imperial Age
36:50 Husbandry
39:04 Hand Cart
38:56 Corvinian Army
39:28 Town Watch
39:11 Elite Skirmisher
39:54 Bodkin Arrow
41:24 Conscription
42:16 Elite Magyar Huszar
43:37 Plate Barding Armor
51:32 Heavy Cavalry Archer
52:38 Parthian Tactics
53:59 Recurve Bow
55:41 Bracer
55:57 Leather Archer Armor
55:18 Cavalier
58:43 Ring Archer Armor
58:53 Gold Shaft Mining
59:22 Two-Man Saw
58:15 Stone Mining
58:42 Paladin
64:46 Crop Rotation
66:00 Light Cavalry
72:30 Hussar
Connection lost

Rejoining the realm…

Still unreachable

The connection could not be restored.

Session expired

The server has moved on; the page needs a fresh start.